 Dungeon Crawl Stone Soup version 0.21.0 (webtiles) character file.

95221 KeeTraxx the Archer (level 16, 0/187 HPs)
             Began as a Gnoll Skald on Jan 6, 2018.
             Was the Champion of Okawaru.
             Slain by a 16-headed hydra (5 damage)
             ... on level 3 of the Swamp on Jan 7, 2018.
             The game lasted 02:02:03 (27263 turns).

KeeTraxx the Archer (Gnoll Skald)                  Turns: 27263, Time: 02:02:04

Health: 0/187      AC: 28    Str: 15    XL:     16   Next: 13%
Magic:  23/31      EV:  2    Int: 21    God:    Okawaru [******]
Gold:   589        SH:  0    Dex: 15    Spells: 9/37 levels left

rFire    . . .     SeeInvis +   a - +7 war axe of Zin's Envy {venom, rN++}
rCold    . . .     Gourm    .   (no shield)
rNeg     + + +     Faith    .   (armour currently unavailable)
rPois    +         Spirit   .   (helmet currently unavailable)
rElec    .         Reflect  .   (cloak currently unavailable)
rCorr    .         Harm     .   (gloves currently unavailable)
MR       ++++.     Clarity  +   (boots currently unavailable) Stlth +++++.....NoTele +
                                V - amulet of the Four Winds {rN+ MR+++ Clar}
HPRegen  1.41/turn              T - ring of see invisible
MPRegen  0.22/turn              R - +2 ring of slaying

@: tree-form, regenerating, studying 2 skills
A: distributed training, strong nose
a: Heroism, Finesse, Renounce Religion


You were on level 3 of the Swamp.
You worshipped Okawaru.
Okawaru was exalted by your worship.
You were near starving.
You were a tree.
You visited 4 branches of the dungeon, and saw 26 of its levels.
You visited 1 bazaar.
You also visited: Ossuary.

You collected 2140 gold pieces.
You spent 1551 gold pieces at shops.

Inventory:

Hand Weapons
 a - the +7 war axe of Zin's Envy (weapon) {venom, rN++}
   (You found it on level 3 of the Lair of Beasts)

   It poisons the flesh of those it strikes.
   It greatly protects you from negative energy.
 b - a +3 arbalest of freezing
 w - a +1 glaive of freezing
Missiles
 p - 129 bolts
 q - a throwing net (quivered)
 t - 27 curare-tipped needles
 W - 271 arrows
Armour
 f - the +6 leather armour of Poor Excuses {rElec Str+2 Int-3}
   (You bought it in a shop in a bazaar)

   It affects your strength (+2).
   It affects your intelligence (-3).
   It insulates you from electricity.
 B - a +2 helmet of intelligence (melded)
 C - a +1 pair of gloves (melded)
 L - a scarf of resistance (melded)
 M - a +2 pair of boots of stealth (melded)
 U - +0 swamp dragon scales (melded)
Jewellery
 h - an uncursed ring of protection from magic
 r - an uncursed ring of resist corrosion
 R - a +2 ring of slaying (right branch)
 T - a ring of see invisible (left branch)
 V - the amulet of the Four Winds (around neck) {rN+ MR+++ Clar}
   (You bought it in a shop on level 2 of the Orcish Mines)

   [amulet of nothing]

   It protects you from negative energy.
   It affects your resistance to hostile enchantments.
   It protects you against confusion.
Wands
 x - a wand of flame (42)
 O - a wand of scattershot (6)
 Q - a wand of acid (6)
 X - a wand of iceblast (13)
Scrolls
 e - 6 scrolls of enchant weapon
 l - 4 scrolls of enchant armour
 u - 2 scrolls of magic mapping
 v - 14 scrolls of remove curse
 y - 7 scrolls of immolation
 D - a scroll of identify
 J - 7 scrolls of teleportation
 P - 4 scrolls of amnesia
 Y - 3 scrolls of fog
Potions
 g - 4 potions of lignification
 i - 3 potions of haste
 j - 3 potions of resistance
 k - a potion of cancellation
 n - 2 potions of brilliance
 o - 3 potions of ambrosia
 z - 2 potions of heal wounds
 E - 4 potions of might
 H - 6 potions of flight
 I - 12 potions of curing
 K - 2 potions of agility
 Z - 3 potions of mutation {unknown}
Books
 s - a manual of
Armour
 S - a manual of Bows
Miscellaneous
 m - a sack of spiders
 N - a phial of floods
Comestibles
 d - 39 rations


   Skills:
 + Level 11.3 Fighting
 + Level 10.4 Short Blades
 + Level 10.4 Long Blades
 + Level 10.4 Axes
 + Level 10.4 Maces & Flails
 + Level 11.3 Polearms
 + Level 10.4 Staves
 + Level 10.4 Slings
 + Level 12.5 Bows
 + Level 10.4 Crossbows
 + Level 10.4 Throwing
 + Level 11.5 Armour
 + Level 11.3 Dodging
 + Level 10.4 Stealth
 + Level 10.4 Shields
 + Level 10.4 Unarmed Combat
 + Level 11.4 Spellcasting
 + Level 8.8 Conjurations
 + Level 8.8 Hexes
 + Level 10.3 Charms
 + Level 8.8 Summonings
 + Level 8.8 Necromancy
 + Level 8.8 Translocations
 + Level 8.8 Transmutations
 + Level 8.8 Fire Magic
 + Level 8.8 Ice Magic
 + Level 8.8 Air Magic
 + Level 8.8 Earth Magic
 + Level 8.8 Poison Magic
 + Level 11.2 Invocations
 + Level 10.4 Evocations


You had 9 spell levels left.
You knew the following spells:

 Your Spells              Type           Power        Failure   Level  Hunger
a - Infusion              Chrm           ####         1%          1    None
b - Regeneration          Chrm/Necr      ######....   1%          3    None
c - Spectral Weapon       Hex/Chrm       ######..     1%          3    None
d - Apportation           Tloc           #####.       1%          1    None
e - Animate Skeleton      Necr           N/A          1%          1    None
f - Conjure Flame         Conj/Fire      #####...     1%          3    None
g - Portal Projectile     Hex/Tloc       #####.       1%          3    None
h - Summon Lightning Spi  Summ/Air       #####...     1%          4    #......
i - Cause Fear            Hex            #####.....   1%          4    #......
j - Ozocubu's Armour      Chrm/Ice       ######..     1%          3    None
k - Song of Slaying       Chrm           ######..     1%          2    None


Dungeon Overview and Level Annotations

Branches:
Dungeon (15/15)            Temple (0/1) D:5            Lair (6/6) D:8
  Swamp (3/4) Lair:2       Spider (0/4) Lair:2        Slime (0/5) Lair:6
    Orc (2/2) D:10            Elf (0/3) Orc:2        Vaults (0/5) D:14
 Depths (0/5) D:15

Altars:
Ashenzari
Dithmenos
Elyvilon
Fedhas
Makhleb
Okawaru
Qazlal
Trog
Zin
The Shining One
Jiyva

Shops:
D:4 *   D:7 ?   D:12 %   Orc:2 *[(=(

Annotations:
D:4 2 transporters
D:9 exclusion: oklob plant


Innate Abilities, Weirdness & Mutations

Your experience applies equally to all skills.
((You have very sharp teeth.))
Your uncanny sense of smell can sniff out nearby items.


Message History

The 16-headed hydra bites you but does no damage. x2
The 16-headed hydra bites you.
* * * LOW HITPOINT WARNING * * *
The 16-headed hydra bites you but does no damage. x10
Casting: Summon Lightning Spire
Confirm with . or Enter, or press ? or * to list all spells.
Your skin crawls.
Your lightning spire shoots out a bolt of lightning at the 16-headed hydra!
The bolt of electricity hits the 16-headed hydra.
The 16-headed hydra bites you but does no damage.
The 16-headed hydra bites you.
* * * LOW HITPOINT WARNING * * *
The 16-headed hydra bites you.
* * * LOW HITPOINT WARNING * * *
The 16-headed hydra bites you but does no damage. x5
The 16-headed hydra bites you.
* * * LOW HITPOINT WARNING * * *
The 16-headed hydra bites you but does no damage. x2
The 16-headed hydra bites you.
You die...

.≈≈≈...♣ ♣.≈.≈..≈♣...
..≈≈..≈♣ ♣.≈≈.(..≈...
.≈≈≈≈≈≈♣ ♣≈≈≈(...(§§.
♣≈≈≈♣≈≈♣♣ .≈≈≈≈≈.(≈≈.
♣♣♣♣♣♣.≈♣ ≈.≈≈≈.≈≈≈≈
...≈♣≈§♣♣ (.≈(....♣
..≈≈≈≈♣♣ ♣♣.≈≈≈...♣
♣.≈≈≈♣♣ ♣♣♣≈(D≈≈≈≈≈.
♣≈≈≈.♣ ♣.≈8♣≈≈≈≈≈≈≈
♣♣.≈♣♣♣ ♣♣....≈≈≈≈♣≈.
♣≈≈≈.<♣♣♣♣♣♣≈..≈.≈≈≈≈♣
.≈≈≈≈§≈≈(≈♣♣..♣..≈≈≈≈.≈.
..§≈≈≈≈≈§..≈.....≈≈≈≈.♣≈
♣♣≈≈≈≈≈≈≈......≈≈.....♣
♣♣♣...≈≈.....≈...♣♣♣≈♣
♣♣♣.≈≈≈≈≈..≈..≈≈♣ ♣♣
♣..≈≈≈≈≈.....≈♣


You could see a 16-headed hydra, a friendly lightning spire and a friendly
spectral war axe of Zin's Envy {venom, rN++}.

Vanquished Creatures
  Kirke (Lair:6)
  2 orc warlords (Orc:1)
  A very ugly thing (Swamp:2)
  An ettin (Orc:1)
  Harold (Lair:2)
  3 hydras
  3 vault guards (D:14)
  Erica (Orc:1)
  A death yak (Lair:6)
  4 two-headed ogres
  A centaur warrior (D:15)
  An orc high priest (Orc:2)
  4 alligators
  Urug (Lair:4)
  2 unseen horrors
  A deep troll (shapeshifter) (D:15)
  A swamp dragon (Swamp:1)
  2 wolf spider zombies
  5 orc knights
  3 deep elf magi
  4 oklob plants (Lair:3)
  3 manticores
  A cyclops (Orc:2)
  4 orc sorcerers (Orc:2)
  4 ugly things
  A black mamba (Lair:6)
  19 elephants
  A gargoyle (D:14)
  10 spiny frogs
  2 rime drakes
  3 kobold demonologists
  An efreet (D:12)
  5 komodo dragons
  3 tyrant leeches
  5 hornets
  7 trolls
  The ghost of Nr616 the Carver, an amateur MiBe of Trog (D:5)
  Prince Ribbit (D:6)
  2 polar bears (Lair:6)
  10 blink frogs
  3 bog bodies
  11 hippogriffs
  A meliai zombie (D:15)
  6 slime creatures (D:15)
  4 dream sheep (Lair:4)
  A hippogriff (shapeshifter) (D:14)
  2 redbacks (Lair:2)
  2 shadows
  4 spriggans
  3 wyverns
  Sigmund (D:7)
  2 wraiths (D:10)
  A hog (Lair:6)
  3 humans
  2 vampires
  9 vampire mosquitoes
  38 yaks
  4 hungry ghosts
  A golden eye (shapeshifter) (D:15)
  A steam dragon (D:14)
  3 insubstantial wisps (Swamp:1)
  7 swamp worms
  Edmund (D:7)
  4 wargs
  8 porcupines
  3 acid dragons
  8 water moccasins
  15 orc warriors
  3 sky beasts
  3 swamp drakes
  2 eyes of draining
  An ice beast (shapeshifter) (D:15)
  2 ice beasts
  5 black bears
  14 wolves
  5 boggarts (D:15)
  4 phantoms
  8 centaurs
  10 ogres
  12 crocodiles
  3 big kobolds
  Blork the orc (D:6)
  19 bullfrogs
  2 wyvern zombies
  A wyvern skeleton (D:15)
  5 scorpions
  3 troll zombies (D:10)
  11 wights
  5 crimson imps
  4 electric eels
  3 centaur zombies
  2 human zombies (Ossuary)
  A quasit (D:8)
  21 orc priests
  2 bullfrog skeletons
  6 bullfrog zombies
  10 jellies
  9 hounds
  A gnoll shaman (D:5)
  13 orc wizards
  3 centaur skeletons
  Jessica (D:2)
  An iguana (D:11)
  Terence (D:3)
  Natasha (thrice) (D:2)
  3 hell rats (Lair:6)
  7 worker ants
  3 ogre zombies (D:10)
  A hound zombie (D:10)
  A hound skeleton (D:7)
  5 mummies (Ossuary)
  5 gnolls (D:5)
  11 adders
  3 shadow imps
  6 oozes
  An adder skeleton (D:9)
  3 worms
  4 dart slugs
  5 leopard geckos
  34 orcs
  4 giant cockroaches
  8 goblins
  7 hobgoblins
  10 jackals
  7 quokkas
  8 bats
  5 frilled lizards
  2 gnoll zombies (Ossuary)
  A goblin skeleton (D:10)
  A goblin zombie (D:10)
  A hobgoblin skeleton (D:10)
  A hobgoblin zombie (D:10)
  11 kobolds
  2 kobold zombies (Ossuary)
  15 orc zombies (D:10)
  A quokka zombie (D:5)
  8 rats
  2 fungi
  15 plants
  A spectral weapon (Lair:5)
676 creatures vanquished.

Vanquished Creatures (collateral kills)
  A very ugly thing (Swamp:1)
  A dire elephant (Lair:6)
  Snorg (Lair:6)
  A vault guard (D:14)
  3 hydras
  A centaur warrior (D:13)
  A catoblepas (Lair:6)
  A two-headed ogre (D:14)
  A tengu warrior (D:15)
  4 death yaks (Lair:6)
  A deep troll shaman (Lair:6)
  An orc high priest (Orc:1)
  Sonja (Lair:4)
  A spriggan druid (Swamp:3)
  A wizard (D:14)
  A swamp dragon (Swamp:1)
  A wolf spider (D:12)
  2 orc sorcerers
  A cyclops (Orc:1)
  2 ugly things
  2 black mambas
  An elephant (Lair:6)
  3 spiny frogs
  A kobold demonologist (D:15)
  An efreet (D:14)
  A komodo dragon (Lair:2)
  A troll (Orc:2)
  2 tyrant leeches
  A bog body (Swamp:1)
  2 hornets (Swamp:2)
  3 hippogriffs
  A spriggan (Swamp:2)
  A shadow (Swamp:1)
  16 yaks
  A yak (shapeshifter) (D:15)
  A centaur simulacrum (D:15)
  4 hungry ghosts
  4 vampire mosquitoes
  2 swamp worms
  3 water moccasins
  2 porcupines (Lair:2)
  A swamp drake (Swamp:1)
  8 orc warriors (Orc:2)
  An ice beast (D:14)
  8 wolves
  2 ogres (Orc:2)
  2 bullfrogs
  6 wights
  A bullfrog zombie (D:12)
  2 orc priests (Orc:2)
  An orc wizard (Orc:2)
  3 hell rats (Lair:6)
  A worker ant (D:11)
  6 orcs (Orc:2)
  9 kobolds
  2 fungi
  4 plants
137 creatures vanquished.

Vanquished Creatures (others)
  A spiny frog (Lair:6)
  A yak (Lair:6)
  4 humans (Lair:6)
  An orc wizard (D:7)
  5 bushes (Lair:6)
  16 fungi
  10 plants
  24 spectral weapons
  15 toadstools (D:9)
77 creatures vanquished.

Grand Total: 890 creatures vanquished

Notes
Turn   | Place    | Note
-------+----------+-------------------------------------------
     0 | D:1      | KeeTraxx the Gnoll Skald began the quest for the Orb.
     0 | D:1      | Reached XP level 1. HP: 20/20 MP: 6/6
    95 | D:1      | Reached XP level 2. HP: 26/26 MP: 7/7
   255 | D:1      | Reached XP level 3. HP: 25/31 MP: 9/9
   455 | D:1      | Reached skill level 5 in Spellcasting
   461 | D:1      | Learned a level 3 spell: Regeneration
   465 | D:1      | Learned a level 3 spell: Spectral Weapon
   790 | D:2      | Reached skill level 1 in Invocations
   967 | D:2      | Reached skill level 1 in Short Blades
   967 | D:2      | Reached skill level 1 in Long Blades
   967 | D:2      | Reached skill level 1 in Axes
   967 | D:2      | Reached skill level 1 in Maces & Flails
   967 | D:2      | Reached skill level 1 in Staves
   967 | D:2      | Reached skill level 1 in Slings
   967 | D:2      | Reached skill level 1 in Bows
   967 | D:2      | Reached skill level 1 in Crossbows
   967 | D:2      | Reached skill level 1 in Throwing
   967 | D:2      | Reached skill level 1 in Stealth
   967 | D:2      | Reached skill level 1 in Shields
   967 | D:2      | Reached skill level 1 in Unarmed Combat
   967 | D:2      | Reached skill level 1 in Evocations
  1014 | D:2      | Noticed Jessica
  1018 | D:2      | Killed Jessica
  1018 | D:2      | Reached XP level 4. HP: 38/38 MP: 11/11
  1363 | D:2      | Noticed Natasha
  1370 | D:2      | Killed Natasha
  1370 | D:2      | Reached skill level 1 in Conjurations
  1370 | D:2      | Reached skill level 1 in Hexes
  1370 | D:2      | Reached skill level 1 in Summonings
  1370 | D:2      | Reached skill level 1 in Necromancy
  1370 | D:2      | Reached skill level 1 in Translocations
  1370 | D:2      | Reached skill level 1 in Transmutations
  1370 | D:2      | Reached skill level 1 in Fire Magic
  1370 | D:2      | Reached skill level 1 in Ice Magic
  1370 | D:2      | Reached skill level 1 in Air Magic
  1370 | D:2      | Reached skill level 1 in Earth Magic
  1370 | D:2      | Reached skill level 1 in Poison Magic
  1547 | D:2      | Reached XP level 5. HP: 43/43 MP: 12/12
  1629 | D:2      | Noticed Natasha
  1640 | D:2      | Killed Natasha
  1669 | D:2      | Noticed Natasha
  1680 | D:2      | Killed Natasha
  2197 | D:3      | Found a glowing golden altar of the Shining One.
  2329 | D:3      | Found a faded altar of an unknown god.
  2335 | D:3      | Found an iron altar of Okawaru.
  2487 | D:3      | Became a worshipper of Warmaster Okawaru
  2545 | D:3      | Noticed Terence
  2556 | D:3      | Killed Terence
  2680 | D:3      | Reached XP level 6. HP: 46/50 MP: 13/13
  2729 | D:4      | Found a transporter.
  2786 | D:4      | Found Zin's Purification Station.
  2786 | D:4      | Found a glowing silver altar of Zin.
  2860 | D:4      | Found a transporter.
  2976 | D:4      | Found a white marble altar of Elyvilon.
  3064 | D:4      | Learned a level 1 spell: Apportation
  3066 | D:4      | Learned a level 1 spell: Animate Skeleton
  3233 | D:5      | Entered Level 5 of the Dungeon
  3257 | D:5      | Noticed Nr616's ghost (amateur MiBe)
  3278 | D:5      | Killed Nr616's ghost
  3278 | D:5      | Reached skill level 5 in Fighting
  3278 | D:5      | Reached skill level 5 in Polearms
  3278 | D:5      | Reached skill level 2 in Bows
  3278 | D:5      | Reached skill level 5 in Dodging
  3278 | D:5      | Reached XP level 7. HP: 33/56 MP: 5/15
  3354 | D:5      | Reached * piety under Okawaru
  3595 | D:5      | Reached XP level 8. HP: 41/63 MP: 14/16
  3662 | D:5      | Reached skill level 3 in Bows
  3681 | D:5      | Found a staircase to the Ecumenical Temple.
  3803 | D:5      | Reached ** piety under Okawaru
  3903 | D:5      | Found a sand-covered staircase.
  3910 | Ossuary  | Entered an ossuary
  4806 | D:6      | Noticed Prince Ribbit
  4902 | D:6      | Noticed Blork the orc
  4933 | D:6      | Killed Blork the orc
  5028 | D:6      | You fall through a shaft for 3 floors!
  5352 | D:7      | Reached XP level 9. HP: 52/69 MP: 16/18
  5368 | D:7      | Found Hyhamos's Magic Scroll Boutique.
  5555 | D:6      | Found a shadowy altar of Dithmenos.
  5555 | D:6      | Found a shattered altar of Ashenzari.
  5574 | D:6      | Killed Prince Ribbit
  5574 | D:6      | Reached *** piety under Okawaru
  5574 | D:6      | Reached skill level 4 in Bows
  6023 | D:7      | Reached skill level 5 in Armour
  6067 | D:7      | Received a gift from Okawaru
  6322 | D:7      | Reached skill level 5 in Invocations
  6515 | D:7      | Received a gift from Okawaru
  6651 | D:7      | Noticed Sigmund
  6658 | D:7      | Killed Sigmund
  6658 | D:7      | Reached **** piety under Okawaru
  6658 | D:7      | Reached XP level 10. HP: 77/77 MP: 14/20
  6683 | D:7      | Noticed Edmund
  6686 | D:7      | Killed Edmund
  6922 | D:8      | Reached skill level 5 in Short Blades
  6922 | D:8      | Reached skill level 5 in Long Blades
  6922 | D:8      | Reached skill level 5 in Axes
  6922 | D:8      | Reached skill level 5 in Maces & Flails
  6922 | D:8      | Reached skill level 5 in Staves
  6922 | D:8      | Reached skill level 5 in Slings
  6922 | D:8      | Reached skill level 5 in Bows
  6922 | D:8      | Reached skill level 5 in Crossbows
  6922 | D:8      | Reached skill level 5 in Throwing
  6922 | D:8      | Reached skill level 5 in Stealth
  6922 | D:8      | Reached skill level 5 in Shields
  6922 | D:8      | Reached skill level 5 in Unarmed Combat
  6922 | D:8      | Reached skill level 5 in Evocations
  6963 | D:8      | Found a staircase to the Lair.
  7030 | D:8      | Found a burning altar of Makhleb.
  7062 | D:8      | Learned a level 3 spell: Conjure Flame
  7066 | D:8      | Learned a level 3 spell: Portal Projectile
  7109 | D:8      | Noticed a balrug
  7514 | D:9      | Found a blossoming altar of Fedhas.
  7537 | D:9      | Noticed an oklob plant
  7769 | D:9      | Received a gift from Okawaru
  7994 | D:9      | Found a bloodstained altar of Trog.
  7994 | D:9      | Found a stormy altar of Qazlal.
  8123 | D:10     | Entered Level 10 of the Dungeon
  8137 | D:10     | Found an iron altar of Okawaru.
  8147 | D:10     | Learned a level 3 spell: Ozocubu's Armour
  8154 | D:10     | Learned a level 4 spell: Cause Fear
  8291 | D:10     | Found a staircase to the Orcish Mines.
  8296 | D:10     | Reached ***** piety under Okawaru
  8542 | D:10     | Noticed a two-headed ogre
  8550 | D:10     | Killed a two-headed ogre
  8550 | D:10     | Reached XP level 11. HP: 84/84 MP: 18/22
  8685 | D:10     | Received a gift from Okawaru
  9352 | Lair:1   | Entered Level 1 of the Lair of Beasts
  9413 | Lair:1   | Reached skill level 6 in Bows
  9647 | Lair:1   | Reached skill level 5 in Conjurations
  9647 | Lair:1   | Reached skill level 5 in Hexes
  9647 | Lair:1   | Reached skill level 5 in Summonings
  9647 | Lair:1   | Reached skill level 5 in Necromancy
  9647 | Lair:1   | Reached skill level 5 in Translocations
  9647 | Lair:1   | Reached skill level 5 in Transmutations
  9647 | Lair:1   | Reached skill level 5 in Fire Magic
  9647 | Lair:1   | Reached skill level 5 in Ice Magic
  9647 | Lair:1   | Reached skill level 5 in Air Magic
  9647 | Lair:1   | Reached skill level 5 in Earth Magic
  9647 | Lair:1   | Reached skill level 5 in Poison Magic
 10462 | Lair:2   | Received a gift from Okawaru
 10568 | Lair:2   | Received a gift from Okawaru
 10699 | Lair:2   | Reached XP level 12. HP: 93/93 MP: 24/24
 10750 | Lair:2   | Found a hole to the Spider Nest.
 10814 | Lair:2   | Noticed Harold
 10853 | Lair:2   | Killed Harold
 11046 | Lair:2   | Got a crude dagger
 11047 | Lair:2   | Identified the cursed +0 dagger of Reczil {pierce, rElec Int+2 SInv} (You found it on level 2 of the Lair of Beasts)
 11162 | Lair:2   | Reached skill level 7 in Bows
 11322 | Lair:2   | Received a gift from Okawaru
 11323 | Lair:2   | Got a faintly humming cloak {god gift}
 11334 | Lair:2   | Identified the +1 cloak of Bifostrum {MR- Regen+ Int+8 Dex-5} (Okawaru gifted it to you on level 2 of the Lair of Beasts)
 11423 | Lair:2   | Found a staircase to the Swamp.
 11723 | Lair:3   | Learned a level 4 spell: Summon Lightning Spire
 11744 | Lair:3   | Got a scorched war axe
 11745 | Lair:3   | Identified the +7 war axe of Zin's Envy {venom, rN++} (You found it on level 3 of the Lair of Beasts)
 11981 | Lair:3   | Got a polished chain mail
 11982 | Lair:3   | Identified the +1 chain mail "Gugruysch" {Int+2} (You found it on level 3 of the Lair of Beasts)
 12272 | Lair:4   | Noticed a seven-headed hydra
 12934 | Lair:4   | Killed a seven-headed hydra
 13144 | Lair:4   | Noticed Sonja
 13171 | Lair:4   | Reached ****** piety under Okawaru
 13218 | Lair:4   | Killed Sonja
 13240 | Lair:4   | Noticed Urug
 13264 | Lair:4   | Killed Urug
 13264 | Lair:4   | Reached skill level 8 in Bows
 13300 | Lair:4   | Reached XP level 13. HP: 90/101 MP: 9/26
 13419 | Lair:4   | Received a gift from Okawaru
 14326 | Lair:5   | Received a gift from Okawaru
 14802 | Lair:6   | Entered Level 6 of the Lair of Beasts
 14855 | Lair:6   | Noticed Kirke
 14873 | Lair:6   | Killed Kirke
 14873 | Lair:6   | Reached skill level 9 in Bows
 15391 | Lair:6   | Received a gift from Okawaru
 15463 | Lair:6   | Reached skill level 10 in Spellcasting
 15526 | Lair:6   | Noticed Snorg
 15533 | Lair:6   | Killed Snorg
 15624 | Lair:6   | Found a viscous altar of Jiyva.
 15624 | Lair:6   | Found a staircase to the Slime Pits.
 15863 | Lair:6   | Reached XP level 14. HP: 109/109 MP: 25/28
 16046 | Lair:6   | Received a gift from Okawaru
 16102 | Lair:6   | Noticed a dire elephant
 16140 | Lair:6   | Killed a dire elephant
 16140 | Lair:6   | Reached skill level 10 in Bows
 16206 | Lair:6   | Reached skill level 10 in Fighting
 16206 | Lair:6   | Reached skill level 10 in Polearms
 16206 | Lair:6   | Reached skill level 10 in Dodging
 16501 | Orc:1    | Entered Level 1 of the Orcish Mines
 16501 | Orc:1    | Noticed Erica
 16507 | Orc:1    | Killed Erica
 16678 | Orc:2    | Entered Level 2 of the Orcish Mines
 16689 | Orc:2    | Noticed an orc warlord
 16813 | Orc:1    | Learned a level 2 spell: Song of Slaying
 17027 | Orc:1    | Killed an orc warlord
 17206 | Orc:2    | Found Vuiqugh's General Store.
 17352 | Orc:2    | Received a gift from Okawaru
 17472 | Orc:2    | Found Rauneki's Antique Armour Emporium.
 17592 | Orc:2    | Found Locwizxa's Antique Weapon Emporium.
 17606 | Orc:2    | Noticed an orc warlord
 17639 | Orc:2    | Received a gift from Okawaru
 17932 | Orc:1    | Killed an orc warlord
 18049 | Orc:2    | Reached skill level 10 in Invocations
 18228 | Orc:2    | Bought a smoking executioner's axe for 450 gold pieces
 18228 | Orc:2    | Identified the +4 executioner's axe "Qupazxan" {chop, rPois rF+} (You bought it in a shop on level 2 of the Orcish Mines)
 18255 | Orc:2    | Found Dail's Jewellery Shop.
 18263 | Orc:2    | Bought the amulet of the Four Winds {rN+ MR+++ Clar} for 526 gold pieces
 18263 | Orc:2    | Found the amulet of the Four Winds {rN+ MR+++ Clar}
 18293 | Orc:2    | Found Jemmor Azizu's Antique Weapon Shop.
 18363 | Orc:2    | Found a staircase to the Elven Halls.
 18424 | Orc:2    | Got a faintly glowing robe {god gift}
 18425 | Orc:2    | Identified the +1 robe of Ajuffez {*Drain +Blink rElec rPois} (Okawaru gifted it to you on level 2 of the Orcish Mines)
 20357 | D:12     | Reached skill level 11 in Bows
 20428 | D:12     | Found Ulatuez's Food Shop.
 20907 | D:13     | Found a flickering gateway to a bazaar.
 20920 | Bazaar   | Entered a bazaar
 20922 | Bazaar   | Found Cuneaj's Armour Boutique.
 20926 | Bazaar   | Found Mualoc's Weapon Boutique.
 20926 | Bazaar   | Found Quhiwees's Armour Boutique.
 20927 | Bazaar   | Found Huggyuf's Food Boutique.
 20972 | Bazaar   | Bought the +6 leather armour of Poor Excuses {rElec Str+2 Int-3} for 395 gold pieces
 21014 | D:13     | Reached skill level 10 in Armour
 21014 | D:13     | Reached XP level 15. HP: 77/117 MP: 26/29
 22251 | D:14     | Received a gift from Okawaru
 22385 | D:14     | Got a brightly glowing ring mail
 22386 | D:14     | Identified the +0 ring mail of Ubabrats {+Fly rCorr SInv} (You found it on level 14 of the Dungeon)
 22966 | D:14     | Found a gate to the Vaults.
 22980 | D:14     | Reached skill level 10 in Charms
 23095 | D:15     | Entered Level 15 of the Dungeon
 23618 | D:15     | Reached skill level 10 in Short Blades
 23618 | D:15     | Reached skill level 10 in Long Blades
 23618 | D:15     | Reached skill level 10 in Axes
 23618 | D:15     | Reached skill level 10 in Maces & Flails
 23618 | D:15     | Reached skill level 10 in Staves
 23618 | D:15     | Reached skill level 10 in Slings
 23618 | D:15     | Reached skill level 10 in Crossbows
 23618 | D:15     | Reached skill level 10 in Throwing
 23618 | D:15     | Reached skill level 10 in Stealth
 23618 | D:15     | Reached skill level 10 in Shields
 23618 | D:15     | Reached skill level 10 in Unarmed Combat
 23618 | D:15     | Reached skill level 10 in Evocations
 23639 | D:15     | Received a gift from Okawaru
 23944 | D:15     | Found a staircase to the Depths.
 24382 | Swamp:1  | Entered Level 1 of the Swamp
 24389 | Swamp:1  | Reached skill level 12 in Bows
 24398 | Swamp:1  | Received a gift from Okawaru
 24734 | Orc:2    | Bought an uncursed ring of see invisible for 180 gold pieces
 26408 | Swamp:2  | Reached XP level 16. HP: 118/125 MP: 25/31
 27243 | Swamp:3  | Received a gift from Okawaru
 27263 | Swamp:3  | HP: 8/187 [16-headed hydra (2)]
 27263 | Swamp:3  | Slain by a 16-headed hydra

Skill      XL: |  1  2  3  4  5  6  7  8  9 10 11 12 13 14 15 |
---------------+----------------------------------------------+-----
Spellcasting   | 5 6 7 8 9 10 11 | 11.4
Invocations    | 1 2 3 4 5 6 7 8 9 10 11 | 11.2
Short Blades   | 1 2 3 4 5 6 7 8 9 10 | 10.4
Long Blades    | 1 2 3 4 5 6 7 8 9 10 | 10.4
Axes           | 1 2 3 4 5 6 7 8 9 10 | 10.4
Maces & Flails | 1 2 3 4 5 6 7 8 9 10 | 10.4
Staves         | 1 2 3 4 5 6 7 8 9 10 | 10.4
Slings         | 1 2 3 4 5 6 7 8 9 10 | 10.4
Bows           | 1 2 3 4 5 6 8 9 11 12 | 12.5
Crossbows      | 1 2 3 4 5 6 7 8 9 10 | 10.4
Throwing       | 1 2 3 4 5 6 7 8 9 10 | 10.4
Stealth        | 1 2 3 4 5 6 7 8 9 10 | 10.4
Shields        | 1 2 3 4 5 6 7 8 9 10 | 10.4
Unarmed Combat | 1 2 3 4 5 6 7 8 9 10 | 10.4
Evocations     | 1 2 3 4 5 6 7 8 9 10 | 10.4
Conjurations   | 1 2 3 4 5 6 7 8 |  8.8
Hexes          | 1 2 3 4 5 6 7 8 |  8.8
Summonings     | 1 2 3 4 5 6 7 8 |  8.8
Necromancy     | 1 2 3 4 5 6 7 8 |  8.8
Translocations | 1 2 3 4 5 6 7 8 |  8.8
Transmutations | 1 2 3 4 5 6 7 8 |  8.8
Fire Magic     | 1 2 3 4 5 6 7 8 |  8.8
Ice Magic      | 1 2 3 4 5 6 7 8 |  8.8
Air Magic      | 1 2 3 4 5 6 7 8 |  8.8
Earth Magic    | 1 2 3 4 5 6 7 8 |  8.8
Poison Magic   | 1 2 3 4 5 6 7 8 |  8.8
Armour         | 3 4 5 6 7 8 9 10 11 | 11.5
Fighting       | 5 6 7 8 9 10 11 | 11.3
Polearms       | 5 6 7 8 9 10 11 | 11.3
Dodging        | 5 6 7 8 9 10 11 | 11.3
Charms         | 6 7 8 9 10 | 10.3

Action                   |  1- 3 |  4- 6 |  7- 9 | 10-12 | 13-15 | 16-18 || total
-------------------------+-------+-------+-------+-------+-------+-------++-------
Melee: Spear             |   113 |    92 |   135 |       |       |       ||   340
       Bite              |     9 |     7 |    28 |    42 |    83 |     6 ||   175
       Punch             |       |       |     6 |     4 |    43 |       ||    53
       Trident           |       |       |    84 |       |       |       ||    84
       Glaive            |       |       |    94 |   377 |   130 |       ||   601
       War axe           |       |       |       |    93 |   587 |    49 ||   729
 Fire: Hunting sling     |    17 |    66 |     1 |       |       |       ||    84
       Longbow           |       |       |       |    61 |   208 |       ||   269
       Arbalest          |       |       |       |       |    45 |    11 ||    56
Throw: Stone             |       |       |       |     2 |       |       ||     2
 Cast: Infusion          |     2 |     3 |     6 |     4 |     1 |       ||    16
       Spectral Weapon   |     2 |    14 |    45 |    63 |   109 |    10 ||   243
       Regeneration      |     1 |     1 |    11 |    25 |    65 |     3 ||   106
       Animate Skeleton  |       |       |     5 |    41 |   123 |     4 ||   173
       Conjure Flame     |       |       |       |    10 |     9 |       ||    19
       Summon Lightning  |       |       |       |    13 |    81 |     5 ||    99
       Portal Projectile |       |       |       |    10 |     2 |       ||    12
       Apportation       |       |       |       |     1 |       |       ||     1
       Song of Slaying   |       |       |       |       |     3 |       ||     3
Invok: Heroism           |       |       |     1 |     3 |     8 |     1 ||    13
       Finesse           |       |       |       |       |     1 |       ||     1
Evoke: Wand              |       |       |       |    10 |       |       ||    10
  Use: Scroll            |       |     8 |       |    18 |     7 |       ||    33
       Potion            |       |       |       |       |     5 |     1 ||     6
 Stab: Sleeping          |     1 |     1 |     5 |    15 |    13 |       ||    35
       Distracted        |       |       |     2 |    11 |    21 |     3 ||    37
       Held in net/web   |       |       |       |     1 |       |       ||     1
  Eat: Chunk             |     1 |     7 |    14 |    18 |    38 |     1 ||    79
       Ration            |       |       |       |     2 |     5 |       ||     7
Armor: Leather armour    |    17 |    16 |    56 |       |    93 |       ||   182
       Robe              |       |       |    12 |    46 |       |       ||    58
       Troll leather arm |       |       |       |    45 |       |       ||    45
       Ring mail         |       |       |       |    36 |   213 |       ||   249
       Swamp dragon scal |       |       |       |       |    18 |    45 ||    63
       Skin              |       |       |       |       |       |    22 ||    22
Dodge: Dodged            |    66 |    35 |   138 |   320 |   594 |    71 ||  1224
